 Dungeon Crawl Stone Soup version 0.13.0-9-gbc74161 (webtiles) character file.

1322 4tharraofdagon the Chopper (level 8, -2/55 HPs)
             Began as an Octopode Berserker on Oct 17, 2013.
             Was a Believer of Trog.
             Shot with an arrow by a centaur (14 damage)
             ... on Level 9 of the Dungeon.
             The game lasted 00:15:48 (2237 turns).

4tharraofdagon the Chopper (Octopode Berserker)     Turns: 2237, Time: 00:15:48

HP  -2/55        AC  1     Str 19      XL: 8   Next: 36%
MP  12/12        EV 19     Int  9      God: Trog [**....]
Gold 186         SH  0     Dex 16      Spells:  0 memorised,  7 levels left

Res.Fire  : . . .   See Invis. : .   a - +0,-1 hand axe {=f}
Res.Cold  : . . .   Warding    : .   (no shield)
Life Prot.: . . .   Conserve   : .   (helmet restricted)
Res.Poison: .       Res.Corr.  : .   s - amulet of rage
Res.Elec. : .       Clarity    : .   (no ring)
Sust.Abil.: . .     Spirit.Shd : .   (no ring)
Res.Mut.  : .       Stasis     : .   (no ring)
Res.Rott. : .       Flight     : .   (no ring)
Saprovore : . . .                    (no ring)
                                     (no ring)
                                     (no ring)
                                     (no ring)

@: regenerating, exhausted, agile, slowed, very slow, very resistant to hostile
enchantments, quite stealthy
A: almost no armour, amphibious, 8 rings, constrict 8, camouflage 1, AC +1
a: Burn Spellbooks, Berserk, Trog's Hand, Renounce Religion, Evoke Berserk Rage


You were on level 9 of the Dungeon.
You worshipped Trog.
Trog was pleased with you.
You were not hungry.

You visited 1 branch of the dungeon, and saw 10 of its levels.
You also visited: Sewer.

You collected 166 gold pieces.

Inventory:

Hand weapons
 a - a +0,-1 hand axe (weapon) {=f}
 u - the +8,+8 scythe of Mauker {slice, rF+ rC+ rN+ MR+ Stlth+, unknown}
   (You found it on level 9 of the Dungeon)

   It inflicts extra damage upon your enemies.
   It protects you from fire.
   It protects you from cold.
   It protects you from negative energy.
   It affects your resistance to hostile enchantments.
   It makes you much more stealthy.
Missiles
 x - 8 needles of sleeping
Magical devices
 i - a wand of random effects (6)
Comestibles
 c - 4 bread rations
 p - a rotting chunk of adder flesh
 v - a meat ration
 z - a chunk of hobgoblin flesh
Scrolls
 b - 3 scrolls of remove curse {unknown}
 e - 2 scrolls of fear {unknown}
 f - 3 scrolls of teleportation {unknown}
 g - 2 scrolls of random uselessness {unknown}
 j - a scroll of amnesia {unknown}
 r - a scroll of blinking {unknown}
 t - a scroll of identify
Jewellery
 s - an amulet of rage (around mantle)
Potions
 k - 2 potions of confusion
 l - a potion of slowing
 n - a potion of agility
 o - a potion of magic
 q - 2 potions of speed
 w - a potion of restore abilities {unknown}
Books
 d - a book of Geomancy

   Spells                             Type                      Level
   Sandblast                          Earth                        1
   Stoneskin                          Transmutation/Earth          2
   Passwall                           Transmutation/Earth          3
   Stone Arrow                        Conjuration/Earth            3
   Petrify                            Transmutation/Earth          4
   Lee's Rapid Deconstruction         Earth                        5
   Trog disapproves of the use of such an item.


   Skills:
 + Level 5.7 Fighting
 * Level 7.7 Axes
 + Level 3.6 Dodging
 + Level 4.3 Evocations


You had 7 spell levels left.
You didn't know any spells.

Dungeon Overview and Level Annotations

Branches:
Dungeon (10/27)
 Temple: D:4-7          Orc: D:6-11        Lair: D:8-13

Altars:
Xom

Annotations:
D:6 ORC
D:7 Joseph


Innate Abilities, Weirdness & Mutations

You cannot wear most types of armour.
You are amphibious.
You can wear up to eight rings at the same time.
You can use your tentacles to constrict many enemies at once.
Your skin changes colour to match your surroundings (Stlth).
Your rubbery body absorbs attacks (AC +1).


Message History

Unknown command.
Unknown command.
You hit the centaur. Your squeeze misses the centaur.
The centaur is moderately wounded.
You constrict the giant frog. The centaur closely misses you.
The giant frog closely misses you. The giant frog hits you!
* * * LOW HITPOINT WARNING * * *
The centaur misses you.
Unknown command.
Unknown command.
Drink which item? (? for menu, Esc to quit)
You feel better.
You constrict the giant frog.
You kill the giant frog!
Trog accepts your kill. The centaur completely misses you.
The centaur hits you.
* * * LOW HITPOINT WARNING * * *
Unknown command.
The centaur wields an uncursed bow.
The centaur shoots an arrow.
The arrow hits you!
You die...

#.........# #.....#
#.........# #.....#
#.........# #.....#
#.........# #.)...#
#.........# #.....#
#.........######.....#
#..........c.........#########
#...........>....)............
#............@................
.............................
............................
...........................
..........................
########################


You could see a centaur.

Vanquished Creatures
  An orc warrior (D:6)
  A black bear (D:6)
  A phantom (D:9)
  An ogre (D:7)
  A crocodile (D:8)
  2 giant frogs
  A wight (D:6)
  3 crimson imps
  2 big fish (Sewer)
  3 hounds
  An iguana (D:5)
  A jelly (D:10)
  10 adders
  A giant mite (D:2)
  2 worms (D:2)
  A giant centipede zombie (D:8)
  A grey rat (D:6)
  23 orcs
  4 goblins
  4 hobgoblins
  7 jackals (Sewer)
  12 kobolds
  2 quokkas (D:2)
  2 ball pythons (Sewer)
  3 bats
  3 giant cockroaches
  2 giant geckos (D:6)
  4 giant newts
  An orc zombie (D:7)
  4 rats
104 creatures vanquished.

Notes
Turn   | Place    | Note
--------------------------------------------------------------
     0 | D:1      | 4tharraofdagon, the Octopode Berserker, began the quest for the Orb.
     0 | D:1      | Reached XP level 1. HP: 16/16 MP: 0/0
    43 | D:1      | Drahbeg: awww
    57 | D:2      | Drahbeg: I'd have loved to see nabe
    75 | D:2      | Reached XP level 2. HP: 21/21 MP: 1/1
   118 | D:2      | 4tharraofdagon: nabve next
   150 | D:2      | hurdos: Did you just push 'tab'?
   178 | D:2      | Reached skill level 4 in Axes
   178 | D:2      | Reached XP level 3. HP: 20/27 MP: 2/2
   189 | D:2      | Drahbeg: I think nabe is actually quite good isnt it?
   227 | D:2      | Acquired Trog's second power
   238 | D:2      | Found a shimmering altar of Xom.
   254 | D:2      | Drahbeg: its like GrBe w/o rElec but on most other accounts
   267 | D:2      | Drahbeg: you have a lot more health
   425 | D:2      | Reached XP level 4. HP: 30/32 MP: 3/3
   565 | D:3      | Drahbeg: and you can go chei later
   600 | D:4      | Drahbeg: and be quite magey
   602 | D:5      | Entered Level 5 of the Dungeon
   712 | D:6      | Noticed a black bear
   755 | D:6      | Killed a black bear
   755 | D:6      | Reached skill level 5 in Axes
   755 | D:6      | Reached XP level 5. HP: 25/37 MP: 4/4
   786 | D:6      | Reached XP level 6. HP: 21/44 MP: 5/5
   787 | D:6      | 4tharraofdagon: how do people play op fighters anyway
   815 | D:6      | Drahbeg: do people do that?
   835 | D:6      | Turgon: I played lots of op but no fighter
   837 | D:6      | Noticed an orc warrior
   842 | D:6      | Reached skill level 1 in Evocations
   844 | D:6      | Turgon: Or at least no serious one
   852 | D:6      | Drahbeg: maybe
   855 | D:6      | Killed an orc warrior
   855 | D:6      | Reached skill level 6 in Axes
   857 | D:6      | Drahbeg: just killdudes
   871 | D:6      | Drahbeg: that was funny :D
   902 | D:6      | 4tharraofdagon: evoke large tentacle
   922 | D:6      | Drahbeg: hm
   928 | D:6      | Drahbeg: orc must be around
   942 | D:6      | Drahbeg: you may want to do orc before lair?
   947 | D:6      | Drahbeg: maybe?
  1021 | D:6      | Turgon: FRIESE CAGE
  1044 | D:6      | Turgon: What does this mean?
  1068 | D:6      | Drahbeg: nothing
  1071 | D:6      | Drahbeg: everything
  1075 | D:6      | Drahbeg: anything you want
  1075 | D:6      | Reached XP level 7. HP: 43/49 MP: 6/8
  1122 | D:6      | Drahbeg: does might increase constrict damage?
  1134 | D:6      | Turgon: no
  1177 | D:6      | Turgon: afaik
  1178 | D:6      | Found a glowing drain.
  1182 | Sewer    | Entered a sewer
  1232 | Sewer    | Reached skill level 5 in Fighting
  1384 | Sewer    | Drahbeg: maybe
  1440 | Sewer    | Drahbeg: they go long blades and stab people for more burst
  1582 | D:8      | Drahbeg: oooh
  1593 | D:7      | Drahbeg: you probably wanto to zekr the priest
  1616 | D:7      | Drahbeg: with that HP pool
  1658 | D:7      | Reached skill level 7 in Axes
  1661 | D:7      | Reached XP level 8. HP: 35/55 MP: 10/12
  1721 | D:7      | Noticed Joseph
  1919 | D:8      | Drahbeg: it would probably be quite amusing to try to come up with a backstory for this char xD
  2014 | D:9      | Got a polished scythe
  2060 | D:9      | :(
  2079 | D:9      | Bloax: You are Nts'eoy
  2100 | D:9      | Bloax: You are an octopode of very bad manners.
  2107 | D:10     | Entered Level 10 of the Dungeon
  2110 | D:9      | Drahbeg: the worst manners.
  2114 | D:9      | Bloax: worse than Rupert manners
  2123 | D:8      | Drahbeg: your manners include murdering anything you see
  2216 | D:10     | Drahbeg: eventually you were sent to the dungeon to die since nobody liked you.
  2223 | D:9      | 4tharraofdagon: damn how bad this combo is
  2226 | D:9      | HP: 2/55 [giant frog (8)]
  2229 | D:9      | Drahbeg: yeah quite insane
  2237 | D:9      | Shot with an arrow by a centaur

Action                   |  1- 3 |  4- 6 |  7- 9 || total
-------------------------+-------+-------+-------++-------
Melee: Hand axe          |    48 |    50 |   114 ||   212
Invok: Berserk           |     1 |     4 |     3 ||     8
       Trog's Hand       |       |     4 |    12 ||    16
Evoke: Wand              |     1 |       |       ||     1
  Use: Potion            |     2 |       |     6 ||     8
       Scroll            |       |       |     6 ||     6
 Stab: Sleeping          |     2 |       |     2 ||     4
